 Dungeon Crawl Stone Soup version 0.26.0-10-g1f06aea511 (webtiles) character file.

Game seed: 16883142221906817131

6179 funkygono the Arsonist (level 10, -9/73 HPs)
             Began as a Red Draconian Fire Elementalist on Jan 27, 2021.
             Was an Elder of Vehumet.
             Mangled by an orc warlord
             ... wielding a +2 glaive
              (25 damage)
             ... in a bailey.
             The game lasted 00:33:05 (11535 turns).

funkygono the Arsonist (DrFE)                      Turns: 11535, Time: 00:33:06

Health: -9/73      AC: 12    Str: 11    XL:     10   Next: 60%
Magic:  4/22       EV: 13    Int: 18    God:    Vehumet [****..]
Gold:   554        SH:  0    Dex: 15    Spells: 11/26 levels left

rFire    + + .     SeeInvis .   v - +3 quarterstaff (chaos)
rCold    + . .     Faith    .   (shield currently unavailable)
rNeg     . . .     Spirit   .   (armour unavailable)
rPois    +         Reflect  .   x - +1 hat
rElec    +         Harm     .   i - +0 cloak
rCorr    +         Rampage  .   n - +1 pair of gloves {Dex+3}
Will     .....                  p - +0 pair of boots
Stlth    ++........             (no amulet)
HPRegen  0.22/turn              (no ring)
MPRegen  0.18/turn              (no ring)

@: mighty, short of breath, resistant
A: breathe fire, unfitting armour, fire resistance 1, cold-blooded, AC +7
a: Breathe Fire, Renounce Religion


You were in a bailey.
You worshipped Vehumet.
Vehumet was greatly pleased with you.
You visited 2 branches of the dungeon, and saw 9 of its levels.
You also visited: Ossuary and Bailey.

You collected 554 gold pieces.

Inventory:

Hand Weapons
 f - a +3 whip
 h - a +1 mace of draining
 v - a +3 quarterstaff of chaos (weapon)
Armour
 i - a +0 cloak (worn)
 k - a +0 buckler
 n - a +1 pair of gloves of dexterity (worn)
 p - a +0 pair of boots (worn)
 x - a +1 hat (worn)
Scrolls
 a - 2 scrolls of amnesia
 m - 4 scrolls of identify
 o - 2 scrolls of teleportation
 r - a scroll of remove curse
 s - a scroll of fear
 y - a scroll of enchant armour
 A - a scroll of blinking
Potions
 b - 3 potions of attraction
 c - 5 potions of curing
 d - 2 potions of heal wounds
 e - a potion of brilliance
 g - 2 potions of haste
 j - a potion of mutation
 q - a potion of magic {unknown}
 t - a potion of might
 u - a potion of cancellation {unknown}
 w - a potion of flight
 z - 2 potions of experience {unknown}


   Skills:
 + Level 1.8 Fighting
 + Level 1.7(1.8) Staves
 + Level 3.1 Dodging
 + Level 2.8 Stealth
 + Level 8.6 Spellcasting
 + Level 8.2 Conjurations
 + Level 4.2 Hexes
 + Level 10.2 Fire Magic


You had 11 spell levels left.
You knew the following spells:

 Your Spells              Type           Power        Failure   Level
a - Foxfire               Conj/Fire      100%         1%          1
b - Conjure Flame         Conj/Fire      41%          1%          3
c - Inner Flame           Hex/Fire       33%          1%          3
d - Fireball              Conj/Fire      20%          1%          5
e - Mephitic Cloud        Conj/Pois/Air  17%          2%          3

Your spell library contained the following spells:

 Spells                   Type           Power        Failure   Level
 Ignite Poison            Fire/Tmut/Pois 20%          1%          3
 Corona                   Hex            25%          1%          1
 Sticky Flame             Conj/Fire      41%          1%          4
 Slow                     Hex            23%          2%          2
 Animate Skeleton         Necr           14%          10%         1
 Apportation              Tloc           14%          10%         1
 Summon Small Mammal      Summ           28%          10%         1
 Portal Projectile        Hex/Tloc       30%          12%         3
 Summon Guardian Golem    Hex/Summ       15%          12%         3
 Call Imp                 Summ           7%           14%         2
 Cause Fear               Hex            11%          16%         4
 Call Canine Familiar     Summ           7%           28%         3
 Leda's Liquefaction      Hex/Erth       7%           36%         4
 Summon Ice Beast         Ice/Summ       7%           67%         4
 Summon Lightning Spire   Summ/Air       7%           67%         4


Dungeon Overview and Level Annotations

Branches:
Dungeon (8/15)             Temple (1/1) D:5         Ossuary (visited)
 Bailey (1/1)
   Lair: D:8-11

Altars:
Ashenzari
Cheibriados
Dithmenos
Fedhas
Gozag
Hepliaklqana
Kikubaaqudgha
Makhleb
Nemelex Xobeh
Okawaru
Qazlal
Ru
Sif Muna
Trog
Uskayaw
Vehumet
Wu Jian
Xom
Yredelemnul
Zin
The Shining One

Shops:
D:6 *

Annotations:
D:6 2 transporters, Dracia's ghost, novice DsGl


Innate Abilities, Weirdness & Mutations

You can breathe blasts of fire.
Your fiery red scales are hard. (AC +7)
You cannot fit into any form of body armour.
Your flesh is heat resistant. (rF+)
You are cold-blooded and may be slowed by cold attacks.


Message History

Confirm with . or Enter, or press ? or * to list all spells.
You conjure some foxfire!
The foxfire hits the orc warlord but does no damage.
The orc warlord is lightly wounded.
The foxfire hits the orc warlord but does no damage.
The orc warlord is lightly wounded.
The orc warlord hits you from afar with a +2 glaive!
* * * LOW HITPOINT WARNING * * *
The foxfire hits the orc warlord but does no damage.
The orc warlord is lightly wounded.
The foxfire hits the orc warlord.
The orc warlord is lightly wounded.
There is an open door here.
You feel much better.
You feel protected.
The orc warlord hits you from afar with a +2 glaive!
* * * LOW HITPOINT WARNING * * *
You feel very mighty all of a sudden.
The orc warlord hits you from afar with a +2 glaive!!
You die...

#......)..#.......#..
##.........##.....##..
#....)⌠..)..#######...
##.....)...## ##..
#.........# #..
##.......## ##.
#.......# #. ##..o..##
## ##@#### # ##.)...##
#..o....# ##.......##
#.........#
##.........##
#.....⌠.....#
##.........##
#.........#


You could see an orc warlord and an orc.

Vanquished Creatures
  2 orc knights (Bailey)
  Sigmund (D:5)
  A wraith (D:8)
  2 wyverns (D:8)
  A basilisk (D:7)
  Edmund (D:4)
  Duvessa (D:4)
  12 orc warriors
  A sky beast (D:5)
  4 ice beasts
  2 necrophages
  2 ogres
  2 phantoms
  2 centaurs
  A big kobold (D:7)
  2 bullfrogs (D:6)
  A gnoll sergeant (D:8)
  Dowan (D:4)
  2 water moccasin zombies (Ossuary)
  A water moccasin skeleton (D:6)
  3 scorpions
  8 killer bees
  5 wights (D:7)
  2 jellies (D:7)
  6 orc wizards
  2 orc priests
  Crazy Yiuf (D:6)
  A bullfrog skeleton (D:5)
  4 hounds
  2 worker ants (D:7)
  3 big kobold zombies (Ossuary)
  2 mummies (Ossuary)
  A worker ant zombie (D:6)
  8 adders
  12 gnolls
  A white imp (D:5)
  2 ufetubi
  A worm (D:2)
  2 adder skeletons
  4 adder zombies
  2 dart slugs
  4 leopard geckos
  35 orcs
  5 giant cockroaches
  27 goblins
  17 hobgoblins
  13 jackals
  3 quokkas
  A ball python (D:4)
  2 bats (D:3)
  4 frilled lizards
  6 gnoll zombies (Ossuary)
  6 hobgoblin zombies (Ossuary)
  11 kobolds
  5 kobold zombies (Ossuary)
  A leopard gecko skeleton (D:6)
  A leopard gecko zombie (D:5)
  2 orc zombies (Ossuary)
  A quokka skeleton (D:7)
  5 rats
263 creatures vanquished.

Vanquished Creatures (collateral kills)
  3 foxfires (D:4)
3 creatures vanquished.

Vanquished Creatures (others)
  1091 foxfires
  2 fungi (D:6)
  4 plants (D:4)
1097 creatures vanquished.

Grand Total: 1363 creatures vanquished

Notes
Turn   | Place    | Note
-------+----------+-------------------------------------------
     0 | D:1      | funkygono the Draconian Fire Elementalist began the quest
                  | for the Orb.
     0 | D:1      | Reached XP level 1. HP: 14/14 MP: 3/3
   631 | D:1      | Reached XP level 2. HP: 20/20 MP: 3/5
  1042 | D:2      | Found an iron altar of Okawaru.
  1888 | D:2      | Reached XP level 3. HP: 26/26 MP: 2/6
  2326 | D:2      | Learned a level 3 spell: Conjure Flame
  2330 | D:2      | Learned a level 3 spell: Inner Flame
  2762 | D:3      | Reached skill level 4 in Fire Magic
  2762 | D:3      | Reached XP level 4. HP: 30/33 MP: 0/8
  3115 | D:3      | Found a blossoming altar of Fedhas.
  3356 | D:4      | Found a shimmering blue altar of Sif Muna.
  3657 | D:4      | Reached XP level 5. HP: 38/38 MP: 3/10
  3783 | D:4      | Noticed a phantom
  3798 | D:4      | Killed a phantom
  3799 | D:4      | Reached skill level 1 in Hexes
  3880 | D:4      | Noticed Edmund
  3893 | D:4      | Killed Edmund
  3894 | D:4      | Reached XP level 6. HP: 33/45 MP: 0/12
  3900 | D:4      | Learned a level 5 spell: Fireball
  4335 | D:4      | Noticed Duvessa
  4337 | D:4      | Noticed Dowan
  4360 | D:4      | Killed Duvessa
  4369 | D:4      | Killed Dowan
  4370 | D:4      | Your scales start taking on a fiery red colour.
  4370 | D:4      | Reached skill level 5 in Fire Magic
  4370 | D:4      | Reached XP level 7. HP: 16/50 MP: 0/13
  4370 | D:4      | Gained mutation: Your flesh is heat resistant. (rF+) [Red
                  | Draconian growth]
  5373 | D:5      | Entered Level 5 of the Dungeon
  5467 | D:5      | Found a burning altar of Makhleb.
  5467 | D:5      | Found an opulent altar of Gozag.
  5591 | D:5      | Reached skill level 6 in Fire Magic
  5832 | D:5      | Reached skill level 5 in Spellcasting
  5872 | D:5      | Noticed Sigmund
  5881 | D:5      | Killed Sigmund
  5882 | D:5      | Reached XP level 8. HP: 54/57 MP: 6/16
  6020 | D:5      | Reached skill level 5 in Conjurations
  6020 | D:5      | Reached skill level 7 in Fire Magic
  6249 | D:5      | Found a staircase to the Ecumenical Temple.
  6623 | Temple   | Entered the Ecumenical Temple
  6660 | Temple   | Became a worshipper of Vehumet
  6723 | D:6      | Found an ancient bone altar of Kikubaaqudgha.
  6948 | D:6      | Noticed Dracia's ghost (novice DsGl)
  6949 | D:6      | Found a transporter.
  6974 | D:6      | Found a transporter.
  7004 | D:6      | Found a sand-covered staircase.
  7012 | Ossuary  | Entered an ossuary
  7233 | Ossuary  | Reached * piety under Vehumet
  7233 | Ossuary  | Offered knowledge of Freeze by Vehumet.
  7446 | Ossuary  | Reached skill level 8 in Fire Magic
  7682 | D:6      | Reached XP level 9. HP: 60/62 MP: 14/18
  7817 | D:6      | Found Zin's Purification Station.
  7819 | D:6      | Found a glowing silver altar of Zin.
  8006 | D:6      | Found a basalt altar of Yredelemnul.
  8351 | D:6      | Found a runed translucent door.
  8352 | D:6      | Noticed Crazy Yiuf
  8366 | D:6      | Killed Crazy Yiuf
  8696 | D:7      | Offered knowledge of Sandblast by Vehumet.
  8725 | D:7      | Reached ** piety under Vehumet
  9190 | D:7      | Found a sparkling altar of Nemelex Xobeh.
  9687 | D:7      | Found a hide-covered altar of Uskayaw.
  9778 | D:7      | Reached skill level 1 in Fighting
  9890 | D:8      | Reached skill level 9 in Fire Magic
 10024 | D:8      | Offered knowledge of Frozen Ramparts by Vehumet.
 10203 | D:8      | Reached XP level 10. HP: 61/73 MP: 18/21
 10335 | D:8      | Reached *** piety under Vehumet
 10511 | D:8      | Found a flagged portal.
 10526 | Bailey   | Entered a bailey
 10639 | Bailey   | Offered knowledge of Mephitic Cloud by Vehumet.
 10644 | Bailey   | Learned a level 3 spell: Mephitic Cloud
 10786 | Bailey   | Reached **** piety under Vehumet
 10874 | Bailey   | Offered knowledge of Ignite Poison by Vehumet.
 11085 | Bailey   | Reached skill level 1 in Staves
 11165 | Bailey   | Noticed an orc knight
 11176 | Bailey   | Killed an orc knight
 11177 | Bailey   | Reached skill level 10 in Fire Magic
 11508 | Bailey   | Noticed an orc knight
 11515 | Bailey   | Noticed an orc warlord
 11516 | Bailey   | Killed an orc knight
 11531 | Bailey   | HP: 1/73 [orc warlord/+2 glaive (12)]
 11535 | Bailey   | Mangled by an orc warlord

Illustrated notes

Levels and vault maps discovered:
D:1:      dpeg_arrival_shrine, layout_basic
D:2:      layout_rooms, okawaru_ov_weapons_minmay
D:3:      layout_loops_ring, lemuel_round_altar, minmay_misc_feat_roman
D:4:      cheibrodos_old_hovel, layout_basic, nicolae_overflow_crystal_walls,
          uniq_edmund, uniq_duvessa
D:5:      layout_loops_ring, amethyst_overflow_temple_binary, temple_pool_b,
          uniq_sigmund
D:6:      layout_basic, zin_purify, kennysheep_mini, kiku_gazebo_pond_becter,
          gammafunk_ghost_arena, chequers_ossuary_entry_cave,
          uniq_crazy_yiuf_cottage
D:7:      layout_loops_ring, overflow_temple_1_default,
          nemelex_xobeh_ov_fountains_minmay
D:8:      layout_rooms, elyvilon_altar_4, lair_entry_dummy, enter_bailey_3
Temple:   cyrus_circular_temple
Bailey:   bailey_axe_minmay_hex_keep, bailey

Skill      XL: |  1  2  3  4  5  6  7  8  9 10 |
---------------+-------------------------------+-----
Conjurations   | 2 3 4 6 7 8 |  8.2
Fire Magic     | 4 5 6 8 9 10 | 10.2
Spellcasting   | 3 4 5 6 7 8 |  8.6
Stealth        | 2 |  2.8
Hexes          | 1 2 3 4 |  4.2
Dodging        | 2 3 |  3.1
Fighting       | 1 |  1.8
Staves         | 1 |  1.7

Action                   |  1- 3 |  4- 6 |  7- 9 | 10-12 || total
-------------------------+-------+-------+-------+-------++-------
Melee: Whip              |     2 |     6 |    30 |       ||    38
       Tailslap          |       |       |     9 |     4 ||    13
       Quarterstaff      |       |       |    15 |    21 ||    36
 Cast: Foxfire           |    91 |    78 |   338 |   149 ||   656
       Inner Flame       |       |       |     5 |    10 ||    15
       Fireball          |       |       |       |    12 ||    12
 Abil: Breathe Fire      |       |       |     2 |     1 ||     3
  Use: Scroll            |     4 |     8 |    13 |       ||    25
       Potion            |     1 |     2 |       |     3 ||     6
Armor: Skin              |    15 |    14 |    71 |    13 ||   113
Dodge: Dodged            |    57 |    22 |    85 |    21 ||   185
